 Dungeon Crawl Stone Soup version 0.29.1-14-g9c671dbff4 (webtiles) character file.

Game seed: 3101833792891967929

98 DemonSlayer the Digger (level 4, -2/30 HPs)
             Began as a Demonspawn Earth Elementalist on Feb 18, 2023.
             Slain by a gnoll
             ... wielding a +0 flail
              (6 damage)
             ... on level 2 of the Dungeon.
             The game lasted 00:03:06 (1932 turns).

DemonSlayer the Digger (DsEE)                       Turns: 1932, Time: 00:03:07

Health: -2/30      AC:  2    Str:  8    XL:     4   Next: 44%
Magic:  0/9        EV: 12    Int: 18    God:
Gold:   63         SH:  0    Dex: 14    Spells: 5/9 levels left

rFire   . . .      SeeInvis .   (no weapon)
rCold   . . .      Faith    .   (no shield)
rNeg    . . .      Spirit   .   a - +0 robe
rPois   .          Reflect  .   (helmet restricted)
rElec   .          Harm     .   (no cloak)
rCorr   .          Rampage  .   (no gloves)
Will    .....                   (no boots)
Stlth   ++........              (no amulet)
HPRegen 0.10/turn               (no ring)
MPRegen 0.11/turn               (no ring)

@: no status effects
A: antennae 2
a: no special abilities


You were on level 2 of the Dungeon.
You visited 1 branch of the dungeon, and saw 2 of its levels.

You collected 63 gold pieces.

Inventory:

Armour
 a - a +0 robe (worn)
Wands
 c - a wand of flame (17)
Scrolls
 b - a scroll of poison {unknown}
 d - a scroll of enchant weapon {unknown}


   Skills:
 + Level 2.1 Dodging
 + Level 2.1 Stealth
 + Level 3.4 Spellcasting
 + Level 0.8 Transmutations
 + Level 3.5 Earth Magic


You had 5 spell levels left.
You knew the following spells:

 Your Spells              Type           Power      Damage    Failure   Level
a - Sandblast             Erth           30%        2d9       3%          1
b - Stone Arrow           Conj/Erth      18%        3d8       22%         3

Your spell library contained the following spells:

 Spells                   Type           Power      Damage    Failure   Level
 Passwall                 Tmut/Erth      8%         N/A       10%         2
 Ignite Poison            Fire/Tmut/Pois 4%         N/A       38%         3
 Conjure Flame            Conj/Fire      3%         6-21      43%         3
 Petrify                  Tmut/Erth      10%        N/A       54%         4
 Sticky Flame             Conj/Fire      3%         2d3       83%         4
 Metabolic Englaciation   Hex/Ice        1%         N/A       99%         5
 Statue Form              Tmut/Erth      6%         N/A       100%        6


Dungeon Overview and Level Annotations

Branches:
Dungeon (2/15)

Altars:


Innate Abilities, Weirdness & Mutations

You have a pair of antennae on your head.


Message History

You kill the gnoll!
The blast of sand hits the frilled lizard!
You kill the frilled lizard!
The blast of sand hits the gnoll.
The gnoll is heavily wounded.
The gnoll closely misses you. The gnoll misses you.
Your magical contamination has completely faded away.
The blast of sand hits the gnoll!
You kill the gnoll!
The gnoll barely misses you. The gnoll misses you.
The blast of sand hits the gnoll.
The gnoll is lightly wounded.
The gnoll hits you with a +0 flail.
You are out of magic!
You are out of magic!
You are out of magic!
You aren't carrying any potions.
You aren't carrying any potions.
Unknown command.
The gnoll attacks as you move away! The gnoll hits you with a +0 flail.
A worm comes into view.
The gnoll attacks as you move away! The gnoll misses you.
The blast of sand hits the gnoll.
The gnoll is heavily wounded.
The gnoll barely misses you. The gnoll hits you with a +0 flail.
The gnoll barely misses you. The gnoll attacks as you move away!
The gnoll hits you with a +0 flail. The gnoll attacks as you move away!
The gnoll barely misses you. The gnoll attacks as you move away!
The gnoll barely misses you. The gnoll attacks as you move away!
The gnoll hits you with a +0 flail!
* * * LOW HITPOINT WARNING * * *
Casting: Sandblast (safe; 3% risk of failure)
Confirm with . or Enter, or press ? or * to list all spells.
Aiming: Sandblast (safe; 3% risk of failure)
Press: ? - help, Shift-Dir - straight line, f/p - gnoll
Aim: a gnoll, wielding a +0 flail (heavily wounded, 84% to hit)
The blast of sand hits the gnoll but does no damage.
The gnoll is heavily wounded.
The gnoll hits you with a +0 flail.
You die...

.. ......... ..... .........
.....########### .........
...............# .........
...............# .........
...............# .........
w.......†......#######.......[.
...............##..............
.............g@##.#########.###
.............>....#########. #
#######...###............##. #
#...# ####.##....#.# ### #.).#
#.##....#.# #.. #...#
#.##....#.##.#.. ......))..#
#.##....#.##.#.. .....†....#
#.#.......##.#.. ........###
#.......####.###


You could see a gnoll.

Vanquished Creatures
  Robin (D:2)
  2 gnolls (D:2)
  An adder (D:2)
  A dart slug (D:1)
  6 ball pythons
  4 bats
  3 endoplasms
  A giant cockroach (D:1)
  12 goblins
  2 hobgoblins
  4 jackals (D:1)
  6 quokkas
  5 frilled lizards
  4 kobolds
  3 rats
55 creatures vanquished.

Notes
Turn   | Place    | Note
-------+----------+-------------------------------------------
     0 | D:1      | DemonSlayer the Demonspawn Earth Elementalist began the
                  | quest for the Orb.
     0 | D:1      | Reached XP level 1. HP: 13/13 MP: 3/3
   311 | D:1      | Gained mutation: You have a pair of small antennae on your
                  | head. [demonic ancestry]
   311 | D:1      | Reached XP level 2. HP: 19/19 MP: 3/5
  1032 | D:1      | Gained mutation: You have a pair of antennae on your head.
                  | [demonic ancestry]
  1032 | D:1      | Reached XP level 3. HP: 24/24 MP: 3/6
  1069 | D:1      | Learned a level 3 spell: Stone Arrow
  1125 | D:2      | Noticed Robin
  1233 | D:2      | Killed Robin
  1757 | D:2      | Reached XP level 4. HP: 22/30 MP: 2/8
  1932 | D:2      | Slain by a gnoll

Illustrated notes

Levels and vault maps discovered:
D:1:      matt_arrival_grand_opening, layout_rooms
D:2:      layout_basic, uniq_crazy_yiuf_cottage, uniq_robin

Skill      XL: |  1  2  3 |
---------------+----------+-----
Dodging        | 2 |  2.1
Stealth        | 2 |  2.1
Earth Magic    | 3 |  3.5
Spellcasting   | 3 |  3.4
Transmutations | |  0.8

Action                   |  1- 3 |  4- 6 || total
-------------------------+-------+-------++-------
Melee: Unarmed           |    10 |     1 ||    11
 Cast: Sandblast         |    68 |    13 ||    81
  Use: Potion            |     1 |       ||     1
Armor: Robe              |    10 |       ||    10
Dodge: Dodged            |    40 |    14 ||    54
